 Dungeon Crawl Stone Soup version 0.30-a0-509-gd016549fea (webtiles) character file.

Game seed: 11403009474020525740

6903 bande the Cleaver (level 11, -7/68 HPs)
             Began as a Gargoyle Fighter on Dec 23, 2022.
             Mangled by a boulder beetle (41 damage)
             ... on level 1 of the Lair of Beasts.
             The game lasted 00:17:03 (7626 turns).

bande the Cleaver (Gargoyle Fighter)                Turns: 7626, Time: 00:17:03

Health: -7/68      AC: 21    Str: 21    XL:     11   Next: 6%
Magic:  11/11      EV: 10    Int:  8    God:
Gold:   470        SH:  5    Dex: 13    Spells: 10/10 levels left

rFire   . . .      SeeInvis .    z - +3 war axe of the Median {vamp, Contam rN++ Will++}
rCold   . . .      Faith    .    c - +0 buckler
rNeg    + + +      Spirit   .    l - +2 ring mail {Will+}
rPois   ∞          Reflect  .    o - +0 helmet
rElec   +          Harm     .    (no cloak)
rCorr   .          Rampage  .    y - +0 pair of gloves
Will    +++..                    r - +1 pair of boots
Stlth   +.........               g - amulet of regeneration
HPRegen 1.11/turn                (no ring)
MPRegen 0.12/turn                (no ring)

@: no status effects
A: sickness immunity, AC +8, negative energy resistance 1, electricity
resistance, torment resistance 1, petrification resistance
a: no special abilities


You were on level 1 of the Lair of Beasts.
You visited 3 branches of the dungeon, and saw 11 of its levels.

You collected 470 gold pieces.

Inventory:

Hand Weapons
 a - a +0 war axe of freezing
 t - a +3 flail
 z - the +3 war axe of the Median (weapon) {vamp, Contam rN++ Will++}
   (You acquired it on level 8 of the Dungeon)

   It occasionally heals its wielder for a portion of the damage dealt when it
   wounds a living foe.
   rN:        It greatly protects you from negative energy.
   Contam:    It causes magical contamination when unequipped.
   Will:      It greatly increases your willpower.
Armour
 c - a +0 buckler (worn)
 l - a +2 ring mail of willpower (worn)
 o - a +0 helmet (worn)
 r - a +1 pair of boots (worn)
 y - a +0 pair of gloves (worn)
Jewellery
 g - an amulet of regeneration (around neck)
Wands
 i - a wand of quicksilver (10)
 q - a wand of charming (7)
 s - a wand of digging (4)
 w - a wand of mindburst (4)
 C - a wand of flame (11)
Scrolls
 b - 4 scrolls of teleportation
 k - 3 scrolls of identify
 n - a scroll of fear
 v - a scroll of butterflies
 x - a scroll of brand weapon
Potions
 d - 3 potions of might
 e - 2 potions of resistance
 f - 4 potions of heal wounds
 h - 3 potions of curing
 j - a potion of magic
 m - a potion of flight
 p - 2 potions of brilliance
 u - 2 potions of berserk rage
 B - a potion of haste


   Skills:
 + Level 8.1 Fighting
 + Level 10.6 Axes
 + Level 7.6 Armour
 + Level 7.0 Shields
 * Level 4.8 Evocations


You had 10 spell levels left.
You didn't know any spells.
Your spell library contained the following spells:

 Spells                   Type           Power      Damage    Failure   Level
 Blink                    Tloc           0%         N/A       77%         2
 Ensorcelled Hibernation  Hex/Ice        0%         N/A       77%         2
 Momentum Strike          Conj/Tloc      0%         3d8       77%         2
 Passwall                 Tmut/Erth      0%         N/A       77%         2
 Poisonous Vapours        Pois/Air       0%         N/A       77%         2
 Gell's Gravitas          Tloc           0%         N/A       94%         3
 Ignite Poison            Fire/Tmut/Pois 0%         N/A       94%         3
 Kindle Blastsparks       Fire/Tloc/Air  0%         2d10      94%         3
 Lesser Beckoning         Tloc           0%         N/A       94%         3
 Mephitic Cloud           Conj/Pois/Air  0%         N/A       94%         3
 Swiftness                Air            0%         N/A       94%         3
 Teleport Other           Tloc           0%         N/A       94%         3
 Tukima's Dance           Hex            0%         N/A       94%         3
 Passage of Golubria      Tloc           0%         N/A       100%        4
 Freezing Cloud           Conj/Ice/Air   0%         6-21      100%        5
 Yara's Violent Unravell  Hex/Tmut       0%         3d3       100%        5
 Cigotuvi's Dreadful Rot  Necr/Pois/Air  Unusable   N/A       N/A         2

Dungeon Overview and Level Annotations

Branches:
Dungeon (9/15)             Temple (1/1) D:6            Lair (1/5) D:9
    Orc: D:9-12

Altars:
Ashenzari
Cheibriados
Dithmenos
Elyvilon
Fedhas
Gozag
Hepliaklqana
Kikubaaqudgha
Makhleb
Nemelex Xobeh
Qazlal
Ru
Trog
Uskayaw
Wu Jian
Xom
Yredelemnul
Zin
The Shining One

Shops:
D:6 =

Annotations:
D:8 2 transporters, soul19's ghost, novice DsFE


Innate Abilities, Weirdness & Mutations

You are immune to sickness and miasma.
Your stone body is resilient. (AC +8)
You are immune to poison.
You resist negative energy. (rN+)
You are resistant to electric shocks. (rElec)
You are resistant to unholy torment.
You are immune to petrification.


Message History

You slash the boulder beetle!
You feel better.
The boulder beetle is heavily wounded.
The boulder beetle bites you.
You hit the boulder beetle but do no damage.
The boulder beetle is heavily wounded.
The boulder beetle bites you but does no damage.
You hit the boulder beetle but do no damage.
The boulder beetle is heavily wounded.
The boulder beetle bites you!!
You hit the boulder beetle but do no damage.
The boulder beetle is heavily wounded.
You block the boulder beetle's attack.
You slash the boulder beetle!
You feel better.
The boulder beetle is severely wounded.
You block the boulder beetle's attack.
You slash the boulder beetle!
The boulder beetle is severely wounded.
The boulder beetle leaps!
The boulder beetle curls into a ball and begins rolling!
The boulder beetle hits you!!
The boulder beetle stops rolling and uncurls.
You are too injured to fight recklessly!
You are too injured to fight recklessly!
You are too injured to fight recklessly!
You are too injured to fight recklessly!
You are too injured to fight recklessly!
You are too injured to fight recklessly!
You are too injured to fight recklessly!
You are too injured to fight recklessly!
You hit the boulder beetle but do no damage.
The boulder beetle is severely wounded.
The boulder beetle barely misses you.
You slash the boulder beetle!
The boulder beetle is almost dead.
The boulder beetle leaps!
The boulder beetle leaps!
The boulder beetle curls into a ball and begins rolling!
The boulder beetle hits you!!!
Ouch! That really hurt!
You die...

#.........# ##......#
#.........### #.......##
#.........#.####.......#
#................##
#P...............#
##...............#
####†[....##P...# ###
#........##....# ..####
###.@....## ...## .....#
#..B..#### ...# .....#
### #.....# # ....#
.....####.###.....#P##
.##
..##.................#
.#
####.................# #
#.................# ##
#.................# P#
#.......).........#


You could see a boulder beetle (rolling).

Vanquished Creatures
  Maggie (Lair:1)
  A cane toad (Lair:1)
  2 komodo dragons
  2 trolls (D:9)
  Sigmund (D:4)
  2 wyverns
  A basilisk (Lair:1)
  10 yaks (D:9)
  2 steam dragons
  Menkaure (D:4)
  A water moccasin (D:9)
  An orc warrior (D:8)
  A sky beast (D:6)
  2 black bears
  3 centaurs
  A kobold brigand (D:8)
  2 gnoll sergeants
  5 bullfrogs
  4 scorpions
  A necrophage (D:4)
  10 wights
  4 killer bees (D:8)
  2 howler monkeys
  An iron imp (D:6)
  3 hounds
  4 orc priests
  A jelly (D:5)
  A gnoll bouda (D:9)
  2 iguanas
  4 orc wizards
  Natasha (D:2)
  9 adders
  12 gnolls
  2 white imps
  An ufetubus (D:6)
  2 worms (D:4)
  2 dart slugs
  17 orcs
  3 ball pythons
  2 bats (D:2)
  7 endoplasms
  3 giant cockroaches
  12 goblins
  4 hobgoblins
  10 jackals
  3 quokkas
  2 frilled lizards (D:1)
  16 kobolds
  4 rats
188 creatures vanquished.

Vanquished Creatures (others)
  A fungus (Lair:1)
  9 plants (D:3)
10 creatures vanquished.

Grand Total: 198 creatures vanquished

Notes
Turn   | Place    | Note
-------+----------+-------------------------------------------
     0 | D:1      | bande the Gargoyle Fighter began the quest for the Orb.
     0 | D:1      | Reached XP level 1. HP: 14/14 MP: 1/1
   129 | D:1      | Reached XP level 2. HP: 18/19 MP: 2/2
   420 | D:1      | Reached XP level 3. HP: 24/24 MP: 3/3
   515 | D:1      | Reached skill level 2 in Axes
   951 | D:2      | Noticed Natasha
   963 | D:2      | Killed Natasha
   964 | D:2      | Reached XP level 4. HP: 19/29 MP: 4/4
  1549 | D:3      | Found a faded altar of an unknown god.
  1643 | D:3      | Reached skill level 3 in Axes
  1712 | D:3      | Found a hazy altar of Hepliaklqana.
  1738 | D:3      | Reached XP level 5. HP: 33/33 MP: 5/5
  2149 | D:4      | Noticed Sigmund
  2159 | D:4      | Killed Sigmund
  2160 | D:4      | Reached skill level 4 in Axes
  2160 | D:4      | Reached XP level 6. HP: 39/39 MP: 6/6
  2432 | D:4      | Reached skill level 5 in Armour
  2432 | D:4      | Reached XP level 7. HP: 26/44 MP: 7/7
  2576 | D:4      | Found a sacrificial altar of Ru.
  2826 | D:4      | Noticed Menkaure
  2835 | D:4      | Killed Menkaure
  2836 | D:4      | Reached skill level 5 in Fighting
  2836 | D:4      | Reached skill level 5 in Axes
  3287 | D:5      | Entered Level 5 of the Dungeon
  3395 | D:5      | Reached XP level 8. HP: 44/49 MP: 8/8
  3839 | D:5      | Reached skill level 6 in Axes
  4068 | D:6      | Found a staircase to the Ecumenical Temple.
  4114 | D:6      | Found Secieh's Jewellery Emporium.
  4120 | D:6      | Reached skill level 5 in Shields
  4140 | D:6      | Reached skill level 7 in Axes
  4262 | D:6      | Reached XP level 9. HP: 55/55 MP: 9/9
  4337 | Temple   | Entered the Ecumenical Temple
  4477 | D:6      | Found an ornate altar of the Wu Jian Council.
  4613 | D:6      | Found a snail-covered altar of Cheibriados.
  4736 | D:7      | Found a sparkling altar of Nemelex Xobeh.
  4869 | D:7      | Reached skill level 1 in Evocations
  5113 | D:7      | Reached skill level 8 in Axes
  5223 | D:7      | Found a stormy altar of Qazlal.
  5225 | D:7      | Found a bloodstained altar of Trog.
  5228 | D:7      | Found a burning altar of Makhleb.
  5731 | D:8      | Identified 2 scrolls of acquirement
  5731 | D:8      | Acquired the +3 war axe of the Median {vamp, Contam rN++
                  | Will++}
  5737 | D:8      | Found a transporter.
  5739 | D:8      | Noticed a moth of wrath
  5739 | D:8      | Noticed soul19's ghost (novice DsFE)
  5752 | D:8      | Found a transporter.
  5873 | D:8      | Found a glowing silver altar of Zin.
  5986 | D:8      | Reached skill level 9 in Axes
  6230 | D:9      | Reached XP level 10. HP: 57/61 MP: 10/10
  6766 | D:9      | Acquired a +0 broad axe of flaming
  6801 | D:9      | Reached skill level 10 in Axes
  6955 | D:9      | Found a staircase to the Lair.
  7235 | Lair:1   | Entered Level 1 of the Lair of Beasts
  7375 | Lair:1   | Noticed a cane toad
  7384 | Lair:1   | Killed a cane toad
  7389 | Lair:1   | Reached XP level 11. HP: 62/68 MP: 11/11
  7541 | Lair:1   | Noticed Maggie
  7561 | Lair:1   | Killed Maggie
  7572 | Lair:1   | Noticed a boulder beetle
  7626 | Lair:1   | Mangled by a boulder beetle

Illustrated notes

Levels and vault maps discovered:
D:1:      dpeg_arrival_stonehenge_8_columns, layout_basic, dk_noncrumbling_4,
          reono_crystal_passage
D:2:      layout_basic, nicolae_eternal_life, uniq_natasha
D:3:      layout_loops_ring, nicolae_hepliaklqana_hazy_memory,
          nicolae_ecumenical_lake_church
D:4:      layout_rooms, general_overflow_altar, chequers_serial_rivers_micro_a,
          uniq_sigmund, uniq_menkaure
D:5:      layout_basic
D:6:      layout_rooms, nzn_wu_jian_council_hall, slow_altar_2,
          minmay_temple_entry_trees, serial_shops, nicolae_shop_hallway_stairs,
          chequers_serial_rivers_micro_d
D:7:      layout_loops_cross, nemelex_xobeh_ov_fountains_minmay,
          grunt_temple_overflow_diamond, minmay_holes
D:8:      layout_basic, mainiacjoe_overflow_six_doors_small,
          gammafunk_ghost_berserking_beasts, nicolae_grassy_gnolls
D:9:      layout_long_grid, lair_entry_dummy, minmay_microvault
Temple:   eino_wide_crystal_templ
Lair:1:   layout_cellular_growth, uniq_maggie

Skill      XL: |  1  2  3  4  5  6  7  8  9 10 11 |
---------------+----------------------------------+-----
Axes           | 2 3 4 5 7 9 10 | 10.6
Shields        | 4 5 6 7 |  7.0
Fighting       | 4 5 6 8 |  8.1
Armour         | 4 5 6 7 |  7.6
Evocations     | 3 4 |  4.8

Action                   |  1- 3 |  4- 6 |  7- 9 | 10-12 || total
-------------------------+-------+-------+-------+-------++-------
Melee: War axe           |   110 |   112 |   324 |   180 ||   726
  Use: Scroll            |       |     9 |     9 |     6 ||    24
Armor: Scale mail        |    44 |       |       |       ||    44
       Ring mail         |     7 |    67 |   231 |    99 ||   404
Dodge: Dodged            |    50 |    69 |   170 |    88 ||   377
Block: Buckler           |    26 |    32 |    94 |    47 ||   199

Table legend: (Time is in decaauts)
 A = Elapsed time spent in this place.
 B = Non-inter-level travel time spent in this place.
 C = Inter-level travel time spent in this place.
 D = Time resting spent in this place.
 E = Time spent auto-exploring this place.
 F = Levels seen in this place.
 G = Mean time per level.
                   A        B        C        D        E       F      G
               +--------+--------+--------+--------+--------+-----+--------+
         Total |   7795 |   7673 |    122 |   1282 |   4500 |  11 |  708.6 |
       Dungeon |   7462 |   7361 |    101 |   1177 |   4414 |   9 |  829.1 |
        Temple |     72 |     51 |     21 |      0 |     44 |   1 |   72.0 |
          Lair |    260 |    260 |      0 |    105 |     42 |   1 |  260.0 |
               +--------+--------+--------+--------+--------+-----+--------+

Top non-repeatable levels by time:
     D:4: 1191 daAuts
     D:9: 1164 daAuts
     D:8: 866 daAuts
     D:2: 802 daAuts
     D:5: 787 daAuts
     D:3: 755 daAuts
     D:1: 651 daAuts
     D:7: 630 daAuts
     D:6: 612 daAuts
  Lair:1: 260 daAuts
  Temple: 72 daAuts
